| TOP OF THE 1ST |
|
Boston Red Sox batting - Pitching for Washington Nationals : RHP Julio Pizano
|
|
Pitching: RHP Julio Pizano
|
|
|
Batting: RHB Alois Wollf
|
0-0: Foul Ball, location: 2F 0-1: Ball 1-1: Ball 2-1: Fly out, F9 (Line Drive, 9, EV 88.8 MPH)
|
|
Batting: SHB Robbie Rogers
|
0-0: Ball 1-0: Ball 2-0: Ball 3-0: Called Strike 3-1: Foul Ball, location: 2F 3-2: Ground out 6-3 (Groundball, 6, EV 96.9 MPH)
|
|
Batting: LHB Kevin McCormic Jr.
|
0-0: Called Strike 0-1: Called Strike 0-2: Foul Ball, location: 2F 0-2: Ball 1-2: Ball 2-2: Ball 3-2: Foul Ball, location: 2F 3-2: Strikes out swinging
|
| Top of the 1st over - 0 runs, 0 hits, 0 errors, 0 left on base; Boston 0 - Washington 0 |
| BOTTOM OF THE 1ST |
|
Washington Nationals batting - Pitching for Boston Red Sox : LHP Ragnar Danielsson
|
|
Pitching: LHP Ragnar Danielsson
|
|
|
Batting: RHB Luis Ramos
|
0-0: Swinging Strike 0-1: SOLO HOME RUN (Flyball, 89XD, EV 103.1 MPH), Distance : 398 ft
|
|
Batting: RHB Adam Burke
|
0-0: Ball 1-0: Called Strike 1-1: Foul Ball, location: 2F 1-2: Ball 2-2: Ball 3-2: Base on Balls
|
|
Batting: RHB C.J. Beavers
|
0-0: Called Strike 0-1: Called Strike 0-2: Foul Ball, location: 2F 0-2: Grounds into double play, 5-4-3 (Groundball, 56, EV 83.8 MPH)
|
|
Batting: RHB John Sanders
|
0-0: Fly out, F8 (Flyball, 8RD, EV 94.4 MPH)
|
| Bottom of the 1st over - 1 run, 1 hit, 0 errors, 0 left on base; Boston 0 - Washington 1 |
| TOP OF THE 2ND |
|
Boston Red Sox batting - Pitching for Washington Nationals : RHP Julio Pizano
|
|
Batting: SHB Marvin Lawrence
|
0-0: Fly out, F9 (Flyball, 9LSF, EV 94.4 MPH)
|
|
Batting: RHB Cesar Breceda
|
0-0: Called Strike 0-1: Ball 1-1: Ball 2-1: Foul Ball, location: 2F 2-2: Foul Ball, location: 2F 2-2: Ball 3-2: Base on Balls
|
|
Batting: SHB Ben Ervin
|
0-0: Foul Ball, location: 2F 0-1: Called Strike Cesar Breceda is caught stealing 2nd base 2-6 0-2: Foul Ball, location: 2F 0-2: Ground out 6-3 (Groundball, 6MD, EV 81.2 MPH)
|
| Top of the 2nd over - 0 runs, 0 hits, 0 errors, 0 left on base; Boston 0 - Washington 1 |
| BOTTOM OF THE 2ND |
|
Washington Nationals batting - Pitching for Boston Red Sox : LHP Ragnar Danielsson
|
|
Batting: RHB Dave Vargas
|
0-0: Foul Ball, location: 2F 0-1: Ball 1-1: Called Strike 1-2: Foul Ball, location: 2F 1-2: Foul Ball, location: 2F 1-2: Ball 2-2: Foul Ball, location: 2F 2-2: Ball 3-2: Ground out 6-3 (Groundball, 6D, EV 96.2 MPH)
|
|
Batting: RHB Dan Fallon
|
0-0: Called Strike 0-1: DOUBLE (Line Drive, 7LM, EV 96.9 MPH)
|
|
Batting: RHB Danny Gerardo
|
0-0: Ball 1-0: Fly out, F8 (Flyball, 8RM, EV 90.0 MPH)
|
|
Batting: RHB Masashi Yukizawa
|
0-0: Foul Ball, location: 2F 0-1: 2-RUN HOME RUN (Flyball, 78XD, EV 108.8 MPH), Distance : 405 ft
|
|
Batting: LHB Seth Cook
|
0-0: SINGLE (Flyball, 34D, EV 98.1 MPH)
|
|
Batting: RHB Luis Ramos
|
0-0: Called Strike 0-1: Ball 1-1: Called Strike 1-2: Ball 2-2: Strikes out swinging
|
| Bottom of the 2nd over - 2 runs, 3 hits, 0 errors, 1 left on base; Boston 0 - Washington 3 |
| TOP OF THE 3RD |
|
Boston Red Sox batting - Pitching for Washington Nationals : RHP Julio Pizano
|
|
Batting: LHB Shoichi Aso
|
0-0: Fly out, F7 (Flyball, 7S, EV 95.0 MPH)
|
|
Batting: RHB Pedro Nin
|
0-0: Foul Ball, location: 2F 0-1: Fly out, F8 (Flyball, 8RXD, EV 106.9 MPH)
|
|
Batting: LHB Mike Mentzer
|
0-0: Ball 1-0: Foul Ball, location: 2F 1-1: Foul Ball, location: 2F 1-2: Ball 2-2: Foul Ball, location: 2F 2-2: Ground out 6-3 (Groundball, P, EV 89.4 MPH)
|
| Top of the 3rd over - 0 runs, 0 hits, 0 errors, 0 left on base; Boston 0 - Washington 3 |
| BOTTOM OF THE 3RD |
|
Washington Nationals batting - Pitching for Boston Red Sox : LHP Ragnar Danielsson
|
|
Batting: RHB Adam Burke
|
0-0: Foul Ball, location: 2F 0-1: Called Strike 0-2: Strikes out swinging
|
|
Batting: RHB C.J. Beavers
|
0-0: Ball 1-0: Fly out, F9 (Flyball, 9LS, EV 90.6 MPH)
|
|
Batting: RHB John Sanders
|
0-0: Ball 1-0: Foul Ball, location: 2F 1-1: Ball 2-1: Ball 3-1: Base on Balls
|
|
Batting: RHB Dave Vargas
|
0-0: Ball 1-0: Fly out, F6 (Line Drive, 6, EV 73.1 MPH)
|
| Bottom of the 3rd over - 0 runs, 0 hits, 0 errors, 1 left on base; Boston 0 - Washington 3 |
| TOP OF THE 4TH |
|
Boston Red Sox batting - Pitching for Washington Nationals : RHP Julio Pizano
|
|
Batting: RHB Alois Wollf
|
0-0: Ball 1-0: Swinging Strike 1-1: Ball 2-1: Called Strike 2-2: Ground out 6-3 (Groundball, 6, EV 106.2 MPH)
|
|
Batting: SHB Robbie Rogers
|
0-0: Foul Ball, location: 2F 0-1: Foul Ball, location: 2F 0-2: Ground out 5-3 (Groundball, 56S, EV 85.0 MPH)
|
|
Batting: LHB Kevin McCormic Jr.
|
0-0: Swinging Strike 0-1: Fly out, F8 (Flyball, 8LM, EV 90.6 MPH)
|
| Top of the 4th over - 0 runs, 0 hits, 0 errors, 0 left on base; Boston 0 - Washington 3 |
| BOTTOM OF THE 4TH |
|
Washington Nationals batting - Pitching for Boston Red Sox : LHP Ragnar Danielsson
|
|
Batting: RHB Dan Fallon
|
0-0: Ball 1-0: Foul Ball, location: 2F 1-1: Foul Ball, location: 2F 1-2: Ball 2-2: Strikes out swinging
|
|
Batting: RHB Danny Gerardo
|
0-0: Ball 1-0: Ball 2-0: Ball 3-0: Called Strike 3-1: Ground out 6-3 (Groundball, 6, EV 82.5 MPH)
|
|
Batting: RHB Masashi Yukizawa
|
0-0: Called Strike 0-1: Ball 1-1: Ball 2-1: Called Strike 2-2: Ball 3-2: Strikes out looking
|
| Bottom of the 4th over - 0 runs, 0 hits, 0 errors, 0 left on base; Boston 0 - Washington 3 |
| TOP OF THE 5TH |
|
Boston Red Sox batting - Pitching for Washington Nationals : RHP Julio Pizano
|
|
Batting: SHB Marvin Lawrence
|
0-0: Called Strike 0-1: Foul Ball, location: 2F 0-2: Ball 1-2: Foul Ball, location: 2F 1-2: Ball 2-2: Ball 3-2: Base on Balls
|
|
Batting: RHB Cesar Breceda
|
0-0: Swinging Strike 0-1: Hit by Pitch Marvin Lawrence to second
|
|
Batting: SHB Ben Ervin
|
0-0: Called Strike 0-1: Called Strike 0-2: Ball 1-2: Grounds into double play, 5-4-3 (Groundball, 56S, EV 82.5 MPH) Marvin Lawrence to third
|
|
Batting: LHB Shoichi Aso
|
0-0: Ball 1-0: Called Strike 1-1: Called Strike 1-2: Strikes out swinging
|
| Top of the 5th over - 0 runs, 0 hits, 0 errors, 1 left on base; Boston 0 - Washington 3 |
| BOTTOM OF THE 5TH |
|
Washington Nationals batting - Pitching for Boston Red Sox : LHP Ragnar Danielsson
|
|
Batting: LHB Seth Cook
|
0-0: Called Strike 0-1: Fly out, F7 (Flyball, 78S, EV 93.8 MPH)
|
|
Batting: RHB Luis Ramos
|
0-0: Called Strike 0-1: Ball 1-1: Ground out 4-3 (Groundball, 4M, EV 86.9 MPH)
|
|
Batting: RHB Adam Burke
|
0-0: Foul Ball, location: 2F 0-1: Swinging Strike 0-2: Ball 1-2: Ball 2-2: Foul Ball, location: 2F 2-2: Foul Ball, location: 2F 2-2: Strikes out looking
|
| Bottom of the 5th over - 0 runs, 0 hits, 0 errors, 0 left on base; Boston 0 - Washington 3 |
| TOP OF THE 6TH |
|
Boston Red Sox batting - Pitching for Washington Nationals : RHP Julio Pizano
|
|
Batting: RHB Pedro Nin
|
0-0: Called Strike 0-1: Ball 1-1: Fly out, F3 (Line Drive, 3, EV 74.4 MPH)
|
|
Batting: LHB Mike Mentzer
|
0-0: Called Strike 0-1: Ball 1-1: Called Strike 1-2: Ball 2-2: Foul Ball, location: 2F 2-2: Fly out, F8 (Flyball, 78M, EV 76.2 MPH)
|
|
Batting: RHB Alois Wollf
|
0-0: Ball 1-0: Called Strike 1-1: Ball 2-1: Ball 3-1: SINGLE (Line Drive, 3D, EV 96.2 MPH)
|
|
Batting: SHB Robbie Rogers
|
0-0: Ball 1-0: Swinging Strike 1-1: Ball 2-1: Ball 3-1: Foul Ball, location: 2F 3-2: Ground out 1-3 (Groundball, 13S, EV 67.5 MPH)
|
| Top of the 6th over - 0 runs, 1 hit, 0 errors, 1 left on base; Boston 0 - Washington 3 |
| BOTTOM OF THE 6TH |
|
Washington Nationals batting - Pitching for Boston Red Sox : LHP Ragnar Danielsson
|
|
Batting: RHB C.J. Beavers
|
0-0: Fly out, F7 (Flyball, 7S, EV 94.4 MPH)
|
|
Batting: RHB John Sanders
|
0-0: Ball 1-0: Foul Ball, location: 2F 1-1: Foul Ball, location: 2F 1-2: Ball 2-2: Fly out, F8 (Flyball, 8RD, EV 88.8 MPH)
|
|
Batting: RHB Dave Vargas
|
0-0: Ball 1-0: Swinging Strike 1-1: Ball 2-1: Swinging Strike 2-2: Ball 3-2: Base on Balls
|
|
Batting: RHB Dan Fallon
|
0-0: Called Strike 0-1: Foul Ball, location: 2F 0-2: Ground out 4-3 (Groundball, 34, EV 80.6 MPH)
|
| Bottom of the 6th over - 0 runs, 0 hits, 0 errors, 1 left on base; Boston 0 - Washington 3 |
| TOP OF THE 7TH |
|
Boston Red Sox batting - Pitching for Washington Nationals : RHP Julio Pizano
|
|
Batting: LHB Kevin McCormic Jr.
|
0-0: Fly out, F8 (Flyball, 8LD, EV 105.6 MPH)
|
|
Batting: SHB Marvin Lawrence
|
0-0: Ball 1-0: Called Strike 1-1: Fly out, F8 (Flyball, 8LM, EV 85.6 MPH)
|
|
Batting: RHB Cesar Breceda
|
0-0: Foul Ball, location: 2F 0-1: SOLO HOME RUN (Flyball, 78XD, EV 101.9 MPH), Distance : 386 ft
|
|
Batting: SHB Ben Ervin
|
0-0: Called Strike 0-1: Ball 1-1: Ball 2-1: Ball 3-1: Ground out 5-3 (Groundball, 56, EV 104.4 MPH)
|
| Top of the 7th over - 1 run, 1 hit, 0 errors, 0 left on base; Boston 1 - Washington 3 |
| BOTTOM OF THE 7TH |
|
Washington Nationals batting - Pitching for Boston Red Sox : LHP Ragnar Danielsson
|
|
Batting: RHB Danny Gerardo
|
0-0: Ball 1-0: Called Strike 1-1: Ball 2-1: Fly out, F4 (Popup, 4, EV 65.0 MPH)
|
|
Batting: RHB Masashi Yukizawa
|
0-0: SINGLE (Groundball, 13, EV 85.6 MPH) (infield hit)
|
|
Batting: LHB Seth Cook
|
0-0: Fielders Choice at 2nd, 2-4 (Groundball, 2L, EV 73.1 MPH)
|
|
Batting: RHB Luis Ramos
|
0-0: Swinging Strike 0-1: Ground out 5-3 (Groundball, 56S, EV 74.4 MPH)
|
| Bottom of the 7th over - 0 runs, 1 hit, 0 errors, 1 left on base; Boston 1 - Washington 3 |
| TOP OF THE 8TH |
|
Boston Red Sox batting - Pitching for Washington Nationals : RHP Julio Pizano
|
|
Batting: LHB Shoichi Aso
|
0-0: Ball 1-0: Ball 2-0: Called Strike 2-1: Foul Ball, location: 2F 2-2: Foul Ball, location: 2F 2-2: Ball 3-2: Base on Balls
|
|
Pitching: LHP Keith Pratt
|
|
|
Batting: RHB Pedro Nin
|
0-0: Ball 1-0: Ball 2-0: Fly out, F8 (Flyball, 8RXD, EV 91.9 MPH)
|
|
Pinch Hitting: RHB Rocky Campbell
|
0-0: Fly out, F9 (Flyball, 89S, EV 78.8 MPH)
|
|
Batting: RHB Alois Wollf
|
0-0: Called Strike 0-1: Ball 1-1: Fielders Choice at 2nd, 6-4 (Groundball, 6, EV 86.9 MPH)
|
| Top of the 8th over - 0 runs, 0 hits, 0 errors, 1 left on base; Boston 1 - Washington 3 |
| BOTTOM OF THE 8TH |
|
Washington Nationals batting - Pitching for Boston Red Sox : LHP Ragnar Danielsson
|
|
Pitching: RHP Jaime Dunning
|
|
|
Now in CF: Shoichi Aso
|
|
|
Now in RF: Joe Smack
|
|
|
Batting: RHB Adam Burke
|
0-0: Ball 1-0: Foul Ball, location: 2F 1-1: Ball 2-1: SOLO HOME RUN (Flyball, 9LD, EV 93.1 MPH), Distance : 345 ft
|
|
Batting: RHB C.J. Beavers
|
0-0: Swinging Strike 0-1: Called Strike 0-2: SINGLE (Groundball, 56D, EV 100.6 MPH)
|
|
Batting: RHB John Sanders
|
0-0: Ball C.J. Beavers steals 2nd base (no throw) 1-0: Ball 2-0: SINGLE (Line Drive, 6D, EV 97.5 MPH) C.J. Beavers to third
|
|
Batting: RHB Dave Vargas
|
0-0: Ball John Sanders steals 2nd base 1-0: Called Strike 1-1: Ball 2-1: Swinging Strike 2-2: Strikes out swinging
|
|
Batting: RHB Dan Fallon
|
0-0: Ball 1-0: Ground out 3-1 (Groundball, 34, EV 100.6 MPH) C.J. Beavers scores John Sanders to third
|
|
Batting: RHB Danny Gerardo
|
0-0: Called Strike 0-1: Ground out 6-3 (Groundball, 6M, EV 105.0 MPH)
|
| Bottom of the 8th over - 2 runs, 3 hits, 0 errors, 1 left on base; Boston 1 - Washington 5 |
| TOP OF THE 9TH |
|
Boston Red Sox batting - Pitching for Washington Nationals : LHP Keith Pratt
|
|
Batting: SHB Robbie Rogers
|
0-0: Called Strike 0-1: Ball 1-1: Foul Ball, location: 2F 1-2: Ball 2-2: Foul Ball, location: 2F 2-2: Fly out, F6 (Popup, 6, EV 68.8 MPH)
|
|
Batting: LHB Kevin McCormic Jr.
|
0-0: Ball 1-0: Ground out U3 (Groundball, 3, EV 85.6 MPH)
|
|
Batting: SHB Marvin Lawrence
|
0-0: Called Strike 0-1: Swinging Strike 0-2: Foul Ball, location: 2F 0-2: Foul Ball, location: 2F 0-2: Strikes out swinging
|
| Top of the 9th over - 0 runs, 0 hits, 0 errors, 0 left on base; Boston 1 - Washington 5 |
|